zfc, chaotic male orcish Barbarian -- .| .---- ---....--- ---- |........--...--- -----.....l.........-- --.|..................| | -------................... |. --...*....h. ............- --.f.....).N....-............. |.................(..... |............h)..)..- ....- | | --....@..%...........| |..)........- -- ---...)[....... ....).)..(......... -------------.--- .- -- -- zfc the Pillager Experience level: 5 Strength: 18/01 Dexterity: 17 Constitution: 17 Intelligence: 3 Wisdom: 8 Charisma: 6 Health: 36(60) Energy: 11(11) Def: 2 Gold: 181 Moves: 1354 Dungeon seed: WXxm89FjQxcq5YUw Game ID: zfc_1549746508 Your Inventory: Coins $ - 181 gold pieces Weapons a - an uncursed +0 two-handed sword (weapon in hands) b - an uncursed +0 axe (alternate weapon; not wielded) Armor e - an uncursed +0 orcish ring mail (being worn) n - an uncursed +0 dwarvish cloak q - a cursed -1 dwarvish cloak r - an uncursed +0 pair of iron shoes y - a blessed +0 dwarvish cloak z - an uncursed +0 pair of iron shoes N - an uncursed +1 pair of high boots Comestibles c - 3 uncursed food rations Scrolls d - an uncursed scroll of create monster f - an uncursed scroll of enchant armor g - 2 uncursed scrolls of identify i - an uncursed scroll of magic mapping Potions l - a blessed potion of object detection m - a cursed potion of see invisible Wands h - a blessed wand of probing (0:4) Tools j - an uncursed brass lantern (0:1255) k - 4 uncursed tallow candles (0:200) Spells and supernatural/magical abilities: Name Level Category Fail Memory W - pray for help -- divine ? -- Your skills at the end: Miscellaneous Skills bare handed combat [Basic] stealth [Basic] Weapon Skills axe [Basic] two-handed sword [Basic] Spellcasting Skills Final Attributes: You were piously aligned. You were poison resistant. You had infravision. You were somewhat stealthy. You are dead. Vanquished creatures: a dwarf lord 5 gnome lords a gnomish wizard 4 dwarves a hill orc 2 hobbits a large kobold a gecko a yellow mold 15 gnomes 4 garter snakes 3 jackals a kobold 3 newts a sewer rat a grid bug 2 lichens a kobold zombie 48 creatures vanquished. Voluntary challenges: You did not adorn yourself with jewelry or accessories. You did not cause conflict. You were not invisible. You did not have reflection. You were not displaced. You were an atheist. You used a wielded weapon 59 times, starting on turn 54. You did not use tools. You did not use plumbed fixtures. You did not drink any magical draughts. You were illiterate. You never genocided any monsters. You never polymorphed an object. You never changed form. You used no wishes. You never split a pudding. You never wrote Elbereth's name. You never violated your personal moral code. Dungeon overview: The Dungeons of Doom: levels 1 to 2 Level 1 a long staircase Level 2 a fountain stairs to The Gnomish Mines The Gnomish Mines: levels 3 to 5 Level 3 stairs to The Dungeons of Doom Level 4 Level 5 <- You were here History has recorded: On T:1 you entered the Dungeons of Doom to retrieve the Amulet of Yendor! On T:262 you reached level 2 of The Dungeons of Doom. On T:503 you reached level 1 of The Gnomish Mines. On T:509 you advanced to experience level 2. On T:516 you advanced to experience level 3. On T:527 you advanced to experience level 4. On T:567 you advanced to experience level 5. On T:901 you reached level 2 of The Gnomish Mines. On T:1347 you reached level 3 of The Gnomish Mines. Score breakdown: Gold: 181 ( 18 points) Experience: 5 levels ( 400 points) Exploration: 5 levels ( 120 points) Discoveries: 0 items ( 0 points) Variety of kills: 18 monsters ( 900 points) Major goal: (nothing yet) ( 0 points) Survival: died (score multiplied by 3) Total score: 4314 Latest messages: Never mind. The gnome lord swings his crossbow at you. The gnome lord hits! The gnome lord punches you! You smite the gnome lord! The gnome lord swings his crossbow at you. The gnome lord hits! The gnome lord punches you! You kill the gnome lord! You smite the mind flayer! The mind flayer punches you! The mind flayer's tentacles suck you! Your brain is eaten! You feel very stupid! The mind flayer's tentacles suck you! Your brain is eaten! You feel stupid! The mind flayer's tentacles suck you! Your brain is eaten! You feel very stupid! You smite the mind flayer! The mind flayer punches you! The mind flayer's tentacles suck you! Your brain is eaten! Your last thought fades away. Final status: Goodbye zfc the Barbarian, killed by brainlessness... You died in The Gnomish Mines on dungeon level 5 with 4314 points, and 181 pieces of gold, after 1354 moves. You were level 5 with a maximum of 60 hit points when you died.